 Dungeon Crawl Stone Soup version 0.29-a0-284-gf9362112df (webtiles) character file.

Game seed: 17717457694015247972

2655 Dabor the Skirmisher (level 9, -3/72 HPs)
             Began as a Demonspawn Fighter on Mar 14, 2022.
             Was a Believer of Wu Jian.
             Slain by a gnoll sergeant
             ... wielding a +7 trident of flaming
              (13 damage)
             ... on level 7 of the Dungeon.
             The game lasted 00:11:18 (7160 turns).

Dabor the Skirmisher (Demonspawn Fighter)           Turns: 7160, Time: 00:11:18

Health: -3/72      AC: 11    Str: 20    XL:     9   Next: 36%
Magic:  0/18       EV: 15    Int:  9    God:    Wu Jian [**....]
Gold:   261        SH:  4    Dex: 14    Spells: 8/8 levels left

rFire   . . .      SeeInvis .   q - +4 rapier of Reapportionment {vamp, rPois}
rCold   . . .      Faith    .   c - +0 buckler
rNeg    . . .      Spirit   +   D - +1 ring mail of Poor Excuses {Fly Stlth+}
rPois   +          Reflect  .   (no helmet)
rElec   .          Harm     .   (no cloak)
rCorr   .          Rampage  .   m - +0 pair of gloves
Will    .....                   g - +1 pair of boots
Stlth   ++........              j - amulet of guardian spirit
HPRegen 0.22/turn               h - ring of magical power
MPRegen 0.16/turn               (no ring)

@: mighty, flying
A: claws 1, repulsion field 1, ignite blood 1, demonic magic 1
a: Renounce Religion, Wall Jump


You were on level 7 of the Dungeon.
You worshipped Wu Jian.
Wu Jian was pleased with you.
You visited 2 branches of the dungeon, and saw 8 of its levels.
You also visited: Sewer.

You collected 261 gold pieces.

Inventory:

Hand Weapons
 a - a +1 vorpal long sword
 q - the +4 rapier of Reapportionment (weapon) {vamp, rPois}
   (You found it on level 4 of the Dungeon)

   It occasionally heals its wielder for a portion of the damage dealt when it
   wounds a living foe.
   rPois:     It protects you from poison.
 u - a +2 falchion of draining
Missiles
 F - 4 throwing nets (quivered)
Armour
 b - a +0 scale mail
 c - a +0 buckler (worn)
 g - a +1 pair of boots (worn)
 m - a +0 pair of gloves (worn)
 D - the +1 ring mail of Poor Excuses (worn) {Fly Stlth+}
   (You found it on level 6 of the Dungeon)

   Fly:       It grants you flight.
   Stlth:     It makes you more stealthy.
Jewellery
 h - a ring of magical power (left hand)
 j - an amulet of guardian spirit (around neck)
 G - an amulet of magic regeneration
Wands
 v - a wand of flame (9)
Scrolls
 e - 3 scrolls of immolation
 i - 4 scrolls of identify
 n - a scroll of brand weapon
 r - a scroll of enchant weapon
 x - a scroll of amnesia
 B - a scroll of blinking {unknown}
 E - a scroll of magic mapping
Potions
 f - a potion of magic {unknown}
 k - 2 potions of curing {unknown}
 l - a potion of heal wounds
 o - 2 potions of mutation {unknown}
 p - a potion of lignification {unknown}
 s - a potion of berserk rage {unknown}
 t - a potion of degeneration {unknown}
 w - 2 potions of brilliance {unknown}
 A - 2 potions of flight {unknown}
 C - a potion of haste {unknown}


   Skills:
 + Level 7.1 Fighting
 + Level 6.1 Long Blades
 + Level 6.4 Armour
 + Level 5.7 Dodging
 - Level 2.7 Shields


You had 8 spell levels left.
You didn't know any spells.
Your spell library contained the following spells:

 Spells                   Type           Power      Damage    Failure   Level
 Magic Dart               Conj           0%         1d3       65%         1
 Call Imp                 Summ           0%         N/A       78%         2
 Mephitic Cloud           Conj/Pois/Air  0%         N/A       95%         3


Dungeon Overview and Level Annotations

Branches:
Dungeon (7/15)             Temple (1/1) D:5           Sewer (visited)

Altars:
Ashenzari
Cheibriados
Dithmenos
Elyvilon
Fedhas
Gozag
Hepliaklqana
Kikubaaqudgha
Makhleb
Nemelex Xobeh
Okawaru
Qazlal
Ru
Sif Muna
Trog
Uskayaw
Vehumet
Wu Jian
Xom
Yredelemnul
Zin
The Shining One

Shops:
D:1 !

Annotations:
D:7 Pikel


Innate Abilities, Weirdness & Mutations

You have sharp fingernails.
You are surrounded by a mild repulsion field. (EV +2)
Your demonic aura sometimes causes spilled blood to erupt in flames.
Spells you cast may paralyse adjacent enemies.


Message History

* * * LOW HITPOINT WARNING * * *
The gnoll completely misses you. The gnoll barely misses you.
The lemure hits you but does no damage.
You feel much better. You block the gnoll's attack.
The gnoll barely misses you. The gnoll sergeant closely misses you.
The lemure barely misses you.
Okay, then.
Really read the scroll of immolation?
As you read the scroll of immolation, it crumbles to dust.
The creatures around you are filled with an inner flame!
The lemure closely misses you. The gnoll hits you with a +0 club.
The gnoll barely misses you. The gnoll sergeant closely misses you.
You completely miss the lemure. The gnoll completely misses you.
The gnoll hits you but does no damage. The gnoll sergeant barely misses you.
The lemure hits you.
You feel much better. The lemure misses you. The gnoll barely misses you.
You block the gnoll sergeant's attack.
You feel very mighty all of a sudden. The gnoll hits you with a +0 club.
The gnoll barely misses you. The gnoll sergeant closely misses you.
The lemure completely misses you.
You hit the lemure.
Flame seeps out of the lemure.
The lemure is lightly wounded.
The lemure hits you but does no damage. The gnoll misses you.
You block the gnoll's attack.
The gnoll sergeant hits you from afar with a +7 trident of flaming!
The gnoll sergeant burns you.
You puncture the lemure!
Flame seeps out of the lemure.
The lemure is severely wounded.
The gnoll closely misses you. x2; You block the gnoll sergeant's attack.
You block the lemure's attack.
You puncture the lemure!
That felt strangely unrewarding.
The lemure explodes!
The fiery explosion engulfs you!!
* * * LOW HITPOINT WARNING * * *
The fiery explosion engulfs Pikel!!
Flame seeps out of Pikel.
Pikel is heavily wounded.
You hear a shout!
The gnoll closely misses you.
The gnoll sergeant hits you from afar with a +7 trident of flaming!
You die...

.......# ##### ##......#
....# ........# .##.#
#......# .#......... .##.#
.#......# ..........
.##.#.........§# .........$
....#...#...g.g### ..$......
#####.......gg§gg# >.....{..
#.........§#@# #........
#....?.....#§# #...!....
#..........#K###........
#..........#{5)5.5......
#####..........#####........
.....................#.K....
#####...############.#.#.###
#..#....# #...#...
#####..#....# ### # ...


You could see Pikel (inner flame), a gnoll sergeant (inner flame) and 2 gnolls.

Vanquished Creatures
  Maggie (D:6)
  A wyvern (D:7)
  An ice beast (D:6)
  3 sky beasts
  An ogre (D:6)
  A centaur (D:5)
  A phantom (D:7)
  A lemure (D:7)
  Blork the orc (D:5)
  3 bullfrogs
  2 necrophages (D:4)
  6 scorpions
  4 howler monkeys
  A gnoll shaman (D:6)
  A jelly (D:5)
  3 hounds
  2 orc wizards
  6 iguanas
  12 gnolls
  9 adders
  6 river rats
  4 worms
  2 dart slugs (D:4)
  12 orcs
  3 endoplasms
  6 giant cockroaches
  5 goblins
  7 hobgoblins
  12 jackals
  7 kobolds
  5 quokkas
  19 ball pythons
  4 bats
  2 frilled lizards (D:1)
  31 rats
185 creatures vanquished.

Vanquished Creatures (others)
  7 plants (D:1)
  6 withered plants (D:5)
13 creatures vanquished.

Grand Total: 198 creatures vanquished

Notes
Turn   | Place    | Note
-------+----------+-------------------------------------------
     0 | D:1      | Dabor the Demonspawn Fighter began the quest for the Orb.
     0 | D:1      | Reached XP level 1. HP: 18/18 MP: 1/1
    72 | D:1      | Found Xocennim's Distillery.
   117 | D:1      | Gained mutation: You are surrounded by a mild repulsion
                  | field. (EV +2) [demonic ancestry]
   117 | D:1      | Reached XP level 2. HP: 23/24 MP: 2/2
   705 | D:1      | Reached skill level 1 in Dodging
   786 | D:1      | Gained mutation: Spells you cast may paralyse adjacent
                  | enemies. [demonic ancestry]
   786 | D:1      | Reached XP level 3. HP: 23/29 MP: 3/3
   895 | D:1      | Found a faded altar of an unknown god.
  2115 | D:2      | Gained mutation: You have sharp fingernails. [demonic
                  | ancestry]
  2115 | D:2      | Reached XP level 4. HP: 24/36 MP: 4/4
  2378 | D:3      | You fall into a shaft and drop 1 floor!
  2460 | D:4      | Noticed a necrophage
  2483 | D:4      | Killed a necrophage
  2484 | D:4      | Gained mutation: Your demonic aura sometimes causes spilled
                  | blood to erupt in flames. [demonic ancestry]
  2484 | D:4      | Reached XP level 5. HP: 28/42 MP: 5/5
  2596 | D:4      | Reached skill level 4 in Fighting
  2791 | D:4      | Reached XP level 6. HP: 39/48 MP: 6/6
  4002 | D:4      | Reached XP level 7. HP: 53/55 MP: 7/7
  4030 | D:4      | Identified the +4 rapier of Reapportionment {vamp, rPois}
  4296 | D:5      | Entered Level 5 of the Dungeon
  4388 | D:5      | Found a staircase to the Ecumenical Temple.
  4413 | D:5      | Noticed Blork the orc
  4418 | D:5      | Killed Blork the orc
  4419 | D:5      | Reached skill level 5 in Fighting
  4430 | Temple   | Entered the Ecumenical Temple
  4765 | Temple   | Became a worshipper of the Wu Jian Council
  5086 | D:5      | Found an ancient bone altar of Kikubaaqudgha.
  5361 | D:6      | Reached skill level 5 in Armour
  5361 | D:6      | Reached XP level 8. HP: 48/63 MP: 8/8
  5528 | D:6      | Found a glowing drain.
  5532 | Sewer    | Entered a sewer
  5561 | Sewer    | Reached * piety under Wu Jian
  5709 | Sewer    | Reached ** piety under Wu Jian
  5728 | Sewer    | Reached skill level 5 in Long Blades
  5815 | Sewer    | Reached skill level 6 in Fighting
  6185 | D:6      | Identified the +1 ring mail of Poor Excuses {Fly Stlth+}
  6305 | D:6      | Reached skill level 5 in Dodging
  6648 | D:6      | Reached XP level 9. HP: 71/71 MP: 9/9
  6687 | D:6      | Noticed Maggie
  6697 | D:6      | Killed Maggie
  7123 | D:7      | Reached skill level 7 in Fighting
  7138 | D:7      | Noticed Pikel
  7160 | D:7      | Slain by a gnoll sergeant

Illustrated notes

Levels and vault maps discovered:
D:1:      lightli_arrival_boilingwater, layout_loops_ring, serial_shops,
          nicolae_diamond_shop, dilly_ecumenical_altar_fadedgnrine
D:2:      layout_loops_cross, minmay_misc_feat_ornament
D:3:      layout_loops_cross, gammafunk_ghost_necromancy, minmay_cut_off
D:4:      layout_basic, minmay_close_crescents
D:5:      layout_rooms, kiku_gazebo_garden_becter, minmay_temple_entry_wispy,
          uniq_blork_the_orc
D:6:      layout_rooms, gup_sewer_entry_bowl, nicolae_sextant, uniq_maggie
D:7:      layout_basic, uniq_joseph, uniq_pikel
Temple:   mainiacjoe_temple_circle_huts

Skill      XL: |  1  2  3  4  5  6  7  8  9 |
---------------+----------------------------+-----
Long Blades    | 2 3 4 5 6 |  6.1
Armour         | 3 4 5 6 |  6.4
Dodging        | 1 2 3 4 5 |  5.7
Fighting       | 4 5 6 7 |  7.1
Shields        | |  2.7

Action                   |  1- 3 |  4- 6 |  7- 9 || total
-------------------------+-------+-------+-------++-------
Melee: Long sword        |   148 |   164 |    12 ||   324
       Rapier            |       |       |   417 ||   417
Invok: Lunge             |       |       |    10 ||    10
       Whirlwind         |       |       |     5 ||     5
  Use: Scroll            |     4 |     3 |     6 ||    13
       Potion            |     1 |       |     3 ||     4
 Stab: Sleeping          |       |       |     1 ||     1
       Fleeing           |       |       |     1 ||     1
Armor: Scale mail        |    82 |    61 |   139 ||   282
       Ring mail         |       |       |    48 ||    48
Dodge: Dodged            |   123 |    84 |   321 ||   528
Block: Buckler           |    55 |    26 |    92 ||   173

Table legend: (Time is in decaauts)
 A = Elapsed time spent in this place.
 B = Non-inter-level travel time spent in this place.
 C = Inter-level travel time spent in this place.
 D = Time resting spent in this place.
 E = Time spent auto-exploring this place.
 F = Levels seen in this place.
 G = Mean time per level.
                   A        B        C        D        E       F      G
               +--------+--------+--------+--------+--------+-----+--------+
         Total |   7359 |   7015 |    344 |    736 |   4756 |   9 |  817.7 |
       Dungeon |   6319 |   6022 |    297 |    460 |   4307 |   7 |  902.7 |
        Temple |    357 |    310 |     47 |      0 |    288 |   1 |  357.0 |
         Sewer |    682 |    682 |      0 |    276 |    161 |   1 |  682.0 |
               +--------+--------+--------+--------+--------+-----+--------+

Top non-repeatable levels by time:
     D:4: 1965 daAuts
     D:1: 1222 daAuts
     D:6: 975 daAuts
     D:2: 947 daAuts
     D:5: 685 daAuts
   Sewer: 682 daAuts
  Temple: 357 daAuts
     D:3: 266 daAuts
     D:7: 256 daAuts
